 Dungeon Crawl Stone Soup version 0.26-a0-774-g1415c89e12 (webtiles) character file.

Game seed: 3069331757060260757

10424 Forecaster the Tainter (level 11, 0/90 HPs)
             Began as a Naga Venom Mage on Nov 9, 2020.
             Was an Elder of Sif Muna.
             Succumbed to a water moccasin's poison
             ... on level 2 of the Lair of Beasts.
             The game lasted 01:08:10 (13468 turns).

Forecaster the Tainter (Naga Venom Mage)           Turns: 13468, Time: 01:08:10

Health: 0/90       AC: 13    Str: 14    XL:     11   Next: 61%
Magic:  19/24      EV: 11    Int: 18    God:    Sif Muna [****..]
Gold:   755        SH:  0    Dex: 11    Spells: 18/28 levels left

rFire    x . .     SeeInvis +   u - staff of poison
rCold    + . .     Faith    .   (no shield)
rNeg     . . .     Spirit   .   S - +0 steam dragon scales
rPois    +         Reflect  .   (helmet restricted)
rElec    .         Harm     .   (no cloak)
rCorr    .         Rampage  .   F - +2 pair of gloves
MR       +....                  (no barding)
Stlth    +++.......             c - amulet of regeneration
HPRegen  0.65/turn              f - ring of ice
MPRegen  0.19/turn              x - +4 ring of protection

@: lethally poisoned (0 -> -35), very slow
A: large, horns 1, see invisible, deformed body, poison resistance, slowness 2,
spit poison 2, strong 1, AC +3
a: Breathe Poison Gas, Channel Magic, Forget Spell, Divine Exegesis, Renounce
Religion


You were on level 2 of the Lair of Beasts.
You worshipped Sif Muna.
Sif Muna was greatly pleased with you.
You visited 3 branches of the dungeon, and saw 13 of its levels.
You also visited: Bailey.

You collected 774 gold pieces.
You spent 19 gold pieces at shops.

Inventory:

Hand Weapons
 b - a -3 short sword
 d - a +5 dire flail
 e - a +1 dagger
 q - a +0 scythe
 r - a cursed -3 falchion
 I - a +0 rapier
 L - a +1 dagger of draining
 M - a +0 falchion
 O - a +0 quarterstaff of distortion
 P - a +3 dagger of venom
 Z - the +8 glaive of the Guard {elec, +Rage AC+5 SInv}
   (You found it in a bailey)

   Occasionally, upon striking a foe, it will discharge some electrical energy
   and cause terrible harm.
   It affects your AC (+5).
   It lets you see invisible.
   It lets you go berserk.
Missiles
 p - 51 poisoned darts (quivered)
Armour
 a - a +0 robe
 t - a +3 chain mail
 v - a +0 pair of gloves
 F - a +2 pair of gloves (worn)
 K - a +1 leather armour of cold resistance
 N - a +3 leather armour of cold resistance
 S - +0 steam dragon scales (worn)
Magical Staves
 u - an uncursed staff of poison (weapon)
Jewellery
 c - an amulet of regeneration (around neck)
 f - a ring of ice (left hand)
 x - a +4 ring of protection (right hand)
 A - an uncursed amulet of guardian spirit
 B - an uncursed amulet of the acrobat
 E - an uncursed amulet of faith
Wands
 C - a wand of acid (22)
 H - a wand of enslavement (7)
 T - a wand of random effects (11)
Scrolls
 i - 7 scrolls of teleportation
 l - a scroll of immolation
 w - 4 scrolls of remove curse
 y - 2 scrolls of enchant weapon
 z - 2 scrolls of fog
 J - 2 scrolls of amnesia
 Q - 3 scrolls of fear {unknown}
 R - a scroll of vulnerability {unknown}
Potions
 g - a potion of invisibility
 h - 2 potions of mutation
 j - 5 potions of curing
 k - 3 potions of degeneration
 n - 4 potions of attraction
 o - a potion of flight {unknown}
 s - a potion of might {unknown}
 D - 4 potions of haste
 G - 2 potions of berserk rage
 U - a potion of cancellation {unknown}
 V - 2 potions of resistance {unknown}
 W - 2 potions of brilliance {unknown}
 X - 2 potions of magic
 Y - 2 potions of experience {unknown}


   Skills:
 + Level 3.5 Fighting
 + Level 0.7 Short Blades
 + Level 5.1 Staves
 + Level 3.0 Armour
 + Level 4.3 Dodging
 + Level 5.0 Stealth
 + Level 9.2 Spellcasting
 + Level 3.3 Transmutations
 + Level 2.6 Fire Magic
 + Level 6.1 Air Magic
 + Level 12.1 Poison Magic


You had 18 spell levels left.
You knew the following spells:

 Your Spells              Type           Power        Failure   Level
a - Sting                 Tmut/Pois      ####         1%          1
b - Poisonous Vapours     Pois/Air       ######       1%          2
c - Olgreb's Toxic Radia  Pois           ######..     1%          4
d - Ignite Poison         Fire/Tmut/Pois #####...     2%          3

Your spell library contained the following spells:

 Spells                   Type           Power        Failure   Level
 Mephitic Cloud           Conj/Pois/Air  #####...     2%          3


Dungeon Overview and Level Annotations

Branches:
Dungeon (10/15)            Temple (1/1) D:4            Lair (1/6) D:10
 Bailey (visited)
    Orc: D:9-12

Altars:
Ashenzari
Hepliaklqana
Makhleb
Nemelex Xobeh
Okawaru
Ru
Sif Muna
Uskayaw
Wu Jian
Xom
Yredelemnul

Shops:
D:4 *   D:8 }}?   D:9 (

Annotations:
D:3 1 runed translucent door, Crazy Yiuf


Innate Abilities, Weirdness & Mutations

You cannot wear boots.
Your serpentine skin is tough. (AC +3)
You have supernaturally acute eyesight. (SInv)
Armour fits poorly on your strangely shaped body.
Your system is resistant to poisons. (rPois)
You cover ground very slowly.
You can exhale a cloud of poison.
You have a pair of small horns on your head.
Your muscles are strong. (Str +2)


Message History

The water moccasin bites you but does no damage.
The cane toad stings you!
* * * LOW HITPOINT WARNING * * *
You are lethally poisoned!
The cane toad poisons you! The water moccasin closely misses you.
You feel much better.
You feel very sick. The cane toad stings you!!
* * * LOW HITPOINT WARNING * * *
The water moccasin bites you.
* * * LOW HITPOINT WARNING * * *
You are more poisoned.
The water moccasin poisons you!
* * * LOW HITPOINT WARNING * * *
You feel very sick. The water moccasin bites you.
* * * LOW HITPOINT WARNING * * *
The cane toad closely misses you.
Your surroundings suddenly seem different.
You die...

#...........................
#..........F................
#.......###P................
#.......####..##P##...P#....
#.............#######.##....
#..............# ###)...>
#.............## ##....
#.............## #....
#..........@...# #....
#.............## ##....
#.............# #.....
#.....####..#.# ####..
####### #..### #.# #### ###


There were no monsters in sight!

Vanquished Creatures
  An orc warlord (Bailey)
  Harold (D:7)
  A two-headed ogre (D:9)
  2 orc knights (Bailey)
  A centaur skeleton (D:9)
  Prince Ribbit (D:7)
  Sigmund (D:3)
  2 wyverns
  5 yaks (D:10)
  A steam dragon (D:10)
  4 water moccasins
  2 sky beasts (D:7)
  2 ice beasts
  2 black bears
  A phantom (D:8)
  14 orc warriors
  2 necrophages
  3 ogres
  3 centaurs
  A wolf (Lair:1)
  4 bullfrogs
  4 scorpions
  6 killer bees (D:10)
  2 wights (D:6)
  2 electric eels (Lair:2)
  3 howler monkeys
  A bullfrog zombie (D:5)
  A centaur zombie (D:5)
  6 hounds
  A quasit (D:8)
  2 orc priests (D:8)
  Jessica (D:2)
  2 bullfrog skeletons
  3 iguanas
  4 orc wizards
  4 worker ants
  A hound skeleton (D:10)
  19 gnolls
  A howler monkey skeleton (D:8)
  6 adders
  A shadow imp (D:8)
  2 white imps
  An adder zombie (D:5)
  2 worms
  An adder skeleton (D:3)
  2 dart slugs
  10 leopard geckos
  47 orcs
  A ball python (D:3)
  13 bats
  6 giant cockroaches
  19 hobgoblins
  19 jackals
  5 quokkas
  4 frilled lizards
  24 goblins
  7 kobolds
  A leopard gecko zombie (D:5)
  11 rats
  A spectral orc (D:7)
300 creatures vanquished.

Vanquished Creatures (others)
  A plant (D:4)
1 creature vanquished.

Grand Total: 301 creatures vanquished

Notes
Turn   | Place    | Note
-------+----------+-------------------------------------------
     0 | D:1      | Forecaster the Naga Venom Mage began the quest for the Orb.
     0 | D:1      | Reached XP level 1. HP: 15/15 MP: 3/3
   540 | D:1      | Reached XP level 2. HP: 22/22 MP: 0/5
   544 | D:1      | Learned a level 2 spell: Poisonous Vapours
   659 | D:1      | HP: 1/22 [jackal (3)]
  1066 | D:1      | Reached XP level 3. HP: 28/28 MP: 3/6
  1655 | D:2      | Reached XP level 4. HP: 36/36 MP: 2/7
  1663 | D:2      | Noticed Jessica
  1722 | D:2      | Killed Jessica
  1722 | D:2      | Reached skill level 1 in Air Magic
  1831 | D:2      | Reached skill level 5 in Poison Magic
  2269 | D:2      | Reached XP level 5. HP: 42/42 MP: 4/9
  2386 | D:2      | Found a faded altar of an unknown god.
  3960 | D:3      | Noticed Sigmund
  3969 | D:3      | Killed Sigmund
  3969 | D:3      | Reached XP level 6. HP: 49/49 MP: 1/11
  4370 | D:3      | Found a runed translucent door.
  4371 | D:3      | Noticed Crazy Yiuf
  4778 | D:4      | Found Zufat's Assorted Antiques.
  4790 | D:4      | Bought a scroll labeled POBROC ITWEO for 19 gold pieces
  4790 | D:4      | Acquired an uncursed staff of poison
  4809 | D:4      | Reached skill level 6 in Poison Magic
  4865 | D:4      | Reached XP level 7. HP: 55/55 MP: 8/13
  4953 | D:4      | Found a staircase to the Ecumenical Temple.
  4962 | Temple   | Entered the Ecumenical Temple
  4970 | Temple   | Became a worshipper of Sif Muna the Loreminder
  5875 | D:5      | Entered Level 5 of the Dungeon
  5981 | D:5      | Reached skill level 1 in Fighting
  6000 | D:5      | Reached skill level 1 in Staves
  6005 | D:5      | Reached XP level 8. HP: 43/64 MP: 3/15
  6137 | D:5      | Found an ornate altar of the Wu Jian Council.
  6449 | D:5      | Reached skill level 7 in Poison Magic
  6517 | D:5      | Reached * piety under Sif Muna
  6724 | D:6      | Learned a level 4 spell: Olgreb's Toxic Radiance
  6728 | D:6      | Learned a level 3 spell: Ignite Poison
  7105 | D:6      | Found a sacrificial altar of Ru.
  7197 | D:6      | Reached skill level 5 in Spellcasting
  7381 | D:6      | Found an ornate altar of the Wu Jian Council.
  7497 | D:6      | Reached skill level 1 in Armour
  7694 | D:6      | Gained mutation: Your muscles are strong. (Str +2) [potion
                  | of mutation]
  7694 | D:6      | Gained mutation: You have a pair of small horns on your
                  | head. [potion of mutation]
  7694 | D:6      | Gained mutation: You can exhale a cloud of poison. [potion
                  | of mutation]
  7812 | D:6      | Reached XP level 9. HP: 73/73 MP: 6/17
  7964 | D:7      | Noticed Prince Ribbit
  8022 | D:7      | Noticed Harold
  8043 | D:7      | Killed Harold
  8043 | D:7      | Reached skill level 1 in Fire Magic
  8043 | D:7      | Reached skill level 8 in Poison Magic
  8303 | D:7      | Found a basalt altar of Yredelemnul.
  8463 | D:7      | Killed Prince Ribbit
  8463 | D:7      | Reached skill level 5 in Air Magic
  8609 | D:7      | Found an iron altar of Okawaru.
  9018 | D:8      | Found Rylyeshi's Gadget Shop.
  9283 | D:8      | Reached XP level 10. HP: 67/84 MP: 5/19
  9320 | D:8      | Reached ** piety under Sif Muna
  9551 | D:8      | Found Suuw's Magic Scroll Shoppe.
  9679 | D:8      | Found Bafo's Gadget Boutique.
  9684 | D:8      | Found a hazy altar of Hepliaklqana.
  9718 | D:8      | Reached skill level 9 in Poison Magic
 10058 | D:8      | Reached skill level 5 in Stealth
 10467 | D:9      | Found Ifoyr's Weapon Shoppe.
 10511 | D:9      | Noticed a two-headed ogre
 10515 | D:9      | Killed a two-headed ogre
 10879 | D:9      | Found a flagged portal.
 10885 | Bailey   | Entered a bailey
 11056 | Bailey   | Reached *** piety under Sif Muna
 11169 | Bailey   | Noticed an orc knight
 11173 | Bailey   | Killed an orc knight
 11173 | Bailey   | Reached skill level 10 in Poison Magic
 11357 | Bailey   | Reached **** piety under Sif Muna
 11596 | Bailey   | Noticed an orc knight
 11596 | Bailey   | Noticed an orc warlord
 11600 | Bailey   | Killed an orc knight
 11600 | Bailey   | Reached XP level 11. HP: 89/89 MP: 8/23
 11600 | Bailey   | Reached skill level 11 in Poison Magic
 11601 | Bailey   | Killed an orc warlord
 11610 | Bailey   | Found the +8 glaive of the Guard {elec, +Rage AC+5 SInv}
 12058 | D:10     | Entered Level 10 of the Dungeon
 12477 | D:10     | Reached skill level 12 in Poison Magic
 12751 | D:10     | Found a staircase to the Lair.
 13171 | Lair:1   | Entered Level 1 of the Lair of Beasts
 13242 | Lair:1   | You fall into a shaft and drop 1 floor!
 13264 | Lair:2   | Reached skill level 5 in Staves
 13468 | Lair:2   | Succumbed to a water moccasin's poison

Illustrated notes

Levels and vault maps discovered:
D:1:      minmay_arrival_up_and_down, layout_loops_corners, chequers_arboretum
D:2:      layout_loops_corners, chequers_ecumenical_altar_grove, uniq_jessica
D:3:      layout_loops_ring, uniq_crazy_yiuf_cottage, uniq_sigmund
D:4:      layout_loops_corners, minmay_temple_entry_mist, serial_shops,
          nicolae_shop_overgrown_old_shop, minmay_door_square,
          serial_bayou_pond_c
D:5:      layout_basic, gup_sewer_entry_bowl, minmay_misc_feat_iff,
          lemuel_tele_altar
D:6:      layout_rooms, old_standard_altar, nicolae_ru_great_annihilating_truth,
          corexii_leaking_fountain
D:7:      layout_basic, yredelemnul_forgotten_temple_becter,
          okawaru_altar_gauntlet_db, uniq_prince_ribbit1, uniq_harold
D:8:      cheibrodos_elevator_heist, layout_cave_pods, lemuel_doored_altar,
          serial_shops, kennysheep_mini_moat, shop, shop, nicolae_two_hexagons
D:9:      layout_roguey, serial_shops, shop_fountains, enter_bailey_3
D:10:     layout_irregular_city, lair_entry_dummy
Temple:   compressed_dpeg_circular_temple
Lair:1:   layout_hall_layers, st_stairs_3, infiniplex_staircase_pool
Lair:2:   statuecave_lemuel, layout_gridlike, infiniplex_staircase_pool_2,
          uniq_erica

Skill      XL: |  1  2  3  4  5  6  7  8  9 10 11 |
---------------+----------------------------------+-----
Dodging        | 2 3 4 |  4.3
Air Magic      | 1 2 3 4 5 6 |  6.1
Poison Magic   | 5 6 7 8 10 12 | 12.1
Spellcasting   | 3 4 5 6 8 9 |  9.2
Fighting       | 1 2 3 |  3.5
Staves         | 1 3 4 5 |  5.1
Armour         | 1 2 3 |  3.0
Stealth        | 4 5 |  5.0
Fire Magic     | 1 2 |  2.6
Transmutations | 2 3 |  3.3
Short Blades   | |  0.7

Action                   |  1- 3 |  4- 6 |  7- 9 | 10-12 || total
-------------------------+-------+-------+-------+-------++-------
Melee: Short sword       |    40 |    75 |       |       ||   115
       Staff             |       |       |   297 |   198 ||   495
       Headbutt          |       |       |    13 |    39 ||    52
 Cast: Sting             |    13 |       |    11 |    25 ||    49
       Poisonous Vapours |    20 |    87 |   105 |    66 ||   278
       Ignite Poison     |       |       |     9 |    33 ||    42
       Olgreb's Toxic Ra |       |       |     6 |    26 ||    32
 Abil: Spit Poison       |     2 |       |       |       ||     2
       Breathe Poison Ga |       |       |     2 |     1 ||     3
  Use: Scroll            |     2 |     4 |    12 |     7 ||    25
       Potion            |       |       |     6 |     3 ||     9
 Stab: Invisible         |       |       |     4 |       ||     4
       Sleeping          |       |       |       |     2 ||     2
Armor: Robe              |     7 |    16 |    63 |       ||    86
       Leather armour    |       |       |    76 |    59 ||   135
       Skin              |       |       |     2 |       ||     2
       Steam dragon scal |       |       |       |    45 ||    45
Dodge: Dodged            |    33 |    63 |   170 |    99 ||   365

Table legend: (Time is in decaauts)
 A = Elapsed time spent in this place.
 B = Non-inter-level travel time spent in this place.
 C = Inter-level travel time spent in this place.
 D = Time resting spent in this place.
 E = Time spent auto-exploring this place.
 F = Levels seen in this place.
 G = Mean time per level.
                   A        B        C        D        E       F      G
               +--------+--------+--------+--------+--------+-----+--------+
         Total |  16352 |  15767 |    585 |   1694 |  10340 |  14 | 1168.0 |
       Dungeon |  15032 |  14456 |    576 |   1252 |  10103 |  10 | 1503.2 |
        Temple |     20 |     12 |      8 |      0 |      0 |   1 |   20.0 |
          Lair |    349 |    349 |      0 |     72 |      1 |   2 |  174.5 |
        Bailey |    949 |    949 |      0 |    370 |    235 |   1 |  949.0 |
               +--------+--------+--------+--------+--------+-----+--------+

Top non-repeatable levels by time:
     D:2: 1954 daAuts
     D:1: 1916 daAuts
     D:3: 1777 daAuts
     D:8: 1713 daAuts
     D:4: 1488 daAuts
     D:6: 1410 daAuts
    D:10: 1361 daAuts
     D:7: 1344 daAuts
     D:5: 1054 daAuts
     D:9: 1011 daAuts
  Bailey: 949 daAuts
  Lair:2: 257 daAuts
  Lair:1: 92 daAuts
  Temple: 20 daAuts
